WCHLSIM.com - West Coast Hockey League
html PUBLIC "-//W3C//DTD XHTML 1.0 Transitional//EN" "http://www.w3.org/TR/xhtml1/DTD/xhtml1-transitional.dtd"> WCHL - Game 614 - UTAH ICE BEARS vs SPOKANE KNIGHTS

UTAH ICE BEARS vs SPOKANE KNIGHTS

Created - 11 février 2021 at 22:25

Goals
1 2 3 T
UTAH ICE BEARS 1 1 0 2
SPOKANE KNIGHTS 2 2 3 7
Shots
1 2 3 T
UTAH ICE BEARS 10 7 1 18
SPOKANE KNIGHTS 11 9 16 36

1st period

1. UTAH ICE BEARS , Artem Anisimov 6 (Nicholas Paul 11, Kyle Okposo 4) at 6:42
2. SPOKANE KNIGHTS , Patrice Bergeron 18 (Nick Foligno 11, Victor Hedman 16) at 12:25 (PP)
3. SPOKANE KNIGHTS , Patrice Bergeron 19 (Blake Wheeler 33, Matthew Tkachuk 27) at 18:32

Penalties :
Radim Simek (UTA) for Slashing (Minor) at 2:59, Conor Timmins (UTA) for Holding (Minor) at 11:21, Roman Polak (SPO) for Hooking (Minor) at 15:47

2nd period

4. SPOKANE KNIGHTS , Matthew Tkachuk 7 (Blake Wheeler 34, Victor Hedman 17) at 9:46
5. UTAH ICE BEARS , Kyle Okposo 2 (Nicholas Paul 12, Alexander Edler 15) at 12:12
6. SPOKANE KNIGHTS , Valeri Nichushkin 4 (Patrick Kane 29, Cale Makar 14) at 16:05

Penalties :
Conor Timmins (UTA) for Roughing (Minor) at 17:56

3rd period

7. SPOKANE KNIGHTS , Patrice Bergeron 20 (Victor Hedman 18, Blake Wheeler 35) at 11:15
8. SPOKANE KNIGHTS , Blake Wheeler 32 (Patrice Bergeron 19) at 12:03
9. SPOKANE KNIGHTS , Patrice Bergeron 21 (Nick Foligno 12) at 14:46 (PP)

Penalties :
Blake Wheeler (SPO) for Roughing (Minor) at 12:37, Zachary Sanford (UTA) for Roughing (Minor) at 12:56

Goalie Stats

Devan Dubnyk (UTA), 14 saves from 17 shots - (0,824), 23:55 minutes
Thatcher Demko (UTA), 15 saves from 19 shots - (0,789), L, 1-14-2, 36:05 minutes
Frederik Andersen (SPO), 16 saves from 18 shots - (0,889), W, 13-11-1, 60:00 minutes

Players Stats for UTAH ICE BEARS

Player Name              G  A  P  +/- PIM S  H  SB GA TA FO     MP     PP MP  PK MP  
------------------------------------------------------------------------------------
Alex Galchenyuk          0  0  0  -2  0   0  0  0  0  0  9/23   15:40   1:12   0:10 
Alexander Edler          0  1  1  -1  0   2  0  2  0  0  0/0    25:30   0:40   3:25 
Andrew Mangiapane        0  0  0  -3  0   1  0  0  0  0  1/1    18:43   0:40   0:00 
Artem Anisimov           1  0  1   1  0   5  0  0  0  0  11/18  18:07   0:00   0:00 
Blake Lizotte            0  0  0  -1  0   1  0  0  0  0  14/22  18:12   1:06   1:43 
Conor Timmins            0  0  0   1  4   0  2  1  0  0  0/0    16:46   0:26   0:53 
Kale Clague              0  0  0  -3  0   0  3  1  0  0  0/0    15:21   0:00   0:00 
Kyle Okposo              1  1  2   1  0   2  2  0  0  0  4/6    21:13   0:26   1:43 
MacKenzie Weegar         0  0  0   0  0   0  0  0  0  0  0/0     0:00   0:00   0:00 
Nathan Walker            0  0  0  -1  0   0  0  0  0  0  1/1     4:23   0:00   0:00 
Nicholas Paul            0  2  2   1  0   3  4  0  0  0  0/2    23:13   0:26   3:19 
Radim Simek              0  0  0   1  2   0  0  6  0  0  0/0    19:07   1:38   0:54 
Robert Lantosi           0  0  0  -1  0   0  0  0  0  0  0/3    14:42   0:40   0:00 
Ross Colton              0  0  0  -1  0   0  1  0  0  0  2/3     7:22   1:12   1:28 
T.J. Brodie              0  0  0  -1  0   2  0  2  0  0  0/0    25:06   0:40   3:05 
Troy Stecher             0  0  0  -3  0   1  3  2  0  0  0/0    18:07   1:12   2:07 
Valentin Zykov           0  0  0  -1  0   0  0  1  0  0  0/0    14:02   0:00   0:00 
Zachary Sanford          0  0  0  -2  2   1  0  0  0  0  0/3    17:30   1:11   2:01 

Players Stats for SPOKANE KNIGHTS

Player Name              G  A  P  +/- PIM S  H  SB GA TA FO     MP     PP MP  PK MP  
------------------------------------------------------------------------------------
Blake Wheeler            1  3  4   4  2   4  2  0  0  0  1/1    22:32   3:06   0:00 
Cale Makar               0  1  1   2  0   0  0  1  0  0  0/0    21:51   2:06   0:20 
Dan Hamhuis              0  0  0   0  0   0  1  0  0  0  0/0    15:23   0:00   0:50 
Gabriel Bourque          0  0  0   0  0   0  2  0  0  0  0/1     5:11   0:03   0:00 
Gaetan Haas              0  0  0  -1  0   2  0  0  0  0  6/14   13:21   0:00   0:53 
Garnet Hathaway          0  0  0  -1  0   1  3  0  0  0  0/1     7:20   0:00   0:00 
Jared Spurgeon           0  0  0   2  0   0  0  1  0  0  0/0    26:08   3:06   1:28 
Lias Andersson           0  0  0   0  0   0  0  0  0  0  1/3     6:33   0:00   1:25 
Mario Ferraro            0  0  0   0  0   0  0  0  0  0  0/0     0:58   0:00   0:58 
Matthew Tkachuk          1  1  2   4  0   3  3  0  0  0  1/3    22:26   2:59   0:00 
Nick Foligno             0  2  2   1  0   1  1  2  0  0  0/2    20:01   2:13   1:25 
Patrice Bergeron         4  1  5   4  0   16 1  0  0  0  18/24  22:28   2:13   0:00 
Patrick Kane             0  1  1   0  0   5  0  0  0  0  0/1    22:46   2:59   0:00 
Roman Polak              0  0  0  -1  2   0  3  0  0  0  0/0    11:40   0:00   0:10 
Sebastian Aho            0  0  0   0  0   2  0  0  0  0  13/31  22:46   2:59   0:00 
Tyler Pitlick            0  0  0  -1  0   1  0  0  0  0  0/1     8:08   0:00   0:00 
Valeri Nichushkin        1  0  1   0  0   1  1  0  0  0  0/0    21:58   2:10   0:53 
Victor Hedman            0  3  3   2  0   0  1  0  0  0  0/0    24:30   2:06   0:50 

3 Stars

1 - Patrice Bergeron (SPO)
2 - Blake Wheeler (SPO)
3 - Matthew Tkachuk (SPO)

Power Play

UTAH ICE BEARS - 0 on 2 Attempt(s) - 0,00%
SPOKANE KNIGHTS - 2 on 4 Attempt(s) - 50,00%

Penalty Kill

UTAH ICE BEARS - 2 on 4 Attempt(s) - 50,00% - Score 0 goal in Penalty Kill
SPOKANE KNIGHTS - 2 on 2 Attempt(s) - 100,00% - Score 0 goal in Penalty Kill

Team Stat

UTAH ICE BEARS - Hits : 15 - Faceoff Wins : 42 - Blocked Shots : 15 - Penalty Minutes : 8
SPOKANE KNIGHTS - Hits : 18 - Faceoff Wins : 40 - Blocked Shots : 4 - Penalty Minutes : 4

Official

Referees : Garrett Rank and Brandon Schrader
Linesman : Travis Toomey and Bevan Mills

Game Notes

Devan Dubnyk enters game at 16:05 of 2nd period
Patrice Bergeron has scored a Hat Trick!

Finance

Level 1 -- Attendance: 6536 (78,28%) -- Ticket Income 1 019 616 $
Level 2 -- Attendance: 5008 (82,10%) -- Ticket Income 610 976 $
Level 3 -- Attendance: 2004 (83,50%) -- Ticket Income 202 404 $
Level 4 -- Attendance: 4610 (76,83%) -- Ticket Income 276 600 $
Luxury Box -- Attendance: 1023 (88,96%) -- Ticket Income 324 291 $
Total Attendance: 19181 (79,92%)
Total Ticket Income: 2 433 887 $
Other Expense: 24 339 $
Total Income: 2 409 548 $

UTAH ICE BEARS

5 vs 5 Forward 
   Center                   Left Wing                Right Wing               Time % Phy DF OF 
 1 Artem Anisimov           Nicholas Paul            Kyle Okposo              36     1   2  2  
 2 Alex Galchenyuk          Andrew Mangiapane        Zachary Sanford          31     1   2  2  
 3 Blake Lizotte            Valentin Zykov           Robert Lantosi           23     1   2  2  
 4 Ross Colton              Nathan Walker            Andrew Mangiapane        10     1   2  2  

5 vs 5 Defense 
   Defense                  Defense                                           Time % Phy DF OF 
 1 Alexander Edler          T.J. Brodie                                       36     1   2  2  
 2 Conor Timmins            Radim Simek                                       31     1   2  2  
 3 Troy Stecher             Kale Clague                                       23     1   2  2  
 4 Alexander Edler          T.J. Brodie                                       10     1   2  2  

PowerPlay Forward 
   Center                   Left Wing                Right Wing               Time % Phy DF OF 
 1 Blake Lizotte            Nicholas Paul            Kyle Okposo              55     1   2  2  
 2 Alex Galchenyuk          Ross Colton              Zachary Sanford          45     1   2  2  

PowerPlay Defense
   Defense                  Defense                                           Time % Phy DF OF 
 1 Alexander Edler          T.J. Brodie                                       55     1   2  2  
 2 Troy Stecher             Radim Simek                                       45     1   2  2  

Penalty Kill 4 Players Forward 
   Center                   Wing                     Time % Phy DF OF 
 1 Zachary Sanford          Nicholas Paul            55     1   2  2  
 2 Kyle Okposo              Blake Lizotte            45     1   2  2  

Penalty Kill 4 Players Defense
   Defense                  Defense                  Time % Phy DF OF 
 1 Alexander Edler          T.J. Brodie              55     1   2  2  
 2 Troy Stecher             Radim Simek              45     1   2  2  

Penalty Kill - 3 Players Forward 
   Forward                                           Time % Phy DF OF 
 1 Kyle Okposo                                       55     1   2  2  
 2 Nicholas Paul                                     45     1   2  2  

Penalty Kill - 3 Players Defense
   Defense                  Defense                  Time % Phy DF OF 
 1 Alexander Edler          T.J. Brodie              55     1   2  2  
 2 Conor Timmins            Radim Simek              45     1   2  2  

4 vs 4 Forward 
   Center                   Wing                     Time % Phy DF OF 
 1 Blake Lizotte            Nicholas Paul            55     1   2  2  
 2 Kyle Okposo              Zachary Sanford          45     1   2  2  

4 vs 4 Defense
   Defense                  Defense                  Time % Phy DF OF 
 1 Alexander Edler          T.J. Brodie              55     1   2  2  
 2 Troy Stecher             Radim Simek              45     1   2  2  

Last Minutes Offensive
   Center                   Left Wing                Right Wing               Defense                  Defense                  
   Artem Anisimov           Nicholas Paul            Kyle Okposo              Alexander Edler          T.J. Brodie              

Last Minutes Defensive
   Center                   Left Wing                Right Wing               Defense                  Defense                  
   Artem Anisimov           Nicholas Paul            Kyle Okposo              Alexander Edler          T.J. Brodie              

Goaltenders
Starting : Thatcher Demko           
Backup : Devan Dubnyk             

Extra Forwards
Normal : Kyle Okposo, Blake Lizotte, Ross Colton - PP : Nicholas Paul, Blake Lizotte - PK : Ross Colton
Extra Defensemen
Normal : Troy Stecher, T.J. Brodie, Alexander Edler - PP : Troy Stecher - PK : T.J. Brodie, Alexander Edler
Penalty Shots
Alex Galchenyuk, Nicholas Paul, Kyle Okposo, Blake Lizotte, Zachary Sanford
Custom OT Lines Forwards
Artem Anisimov, Nicholas Paul, Kyle Okposo, Andrew Mangiapane, Zachary Sanford, Alex Galchenyuk, Blake Lizotte, Ross Colton, Valentin Zykov, Robert Lantosi
Custom OT Lines Defensemen
Alexander Edler, T.J. Brodie, Kale Clague, Radim Simek, Troy Stecher

Scratches
Adam Mascherin (Healthy), Jakub Lauko (Healthy), Erik Gudbranson (Back Surgery Injury), Vladimir Sobotka (Strained Left Knee Injury)

SPOKANE KNIGHTS

5 vs 5 Forward 
   Center                   Left Wing                Right Wing               Time % Phy DF OF 
 1 Patrice Bergeron         Matthew Tkachuk          Blake Wheeler            38     1   1  3  
 2 Sebastian Aho            Valeri Nichushkin        Patrick Kane             37     1   1  3  
 3 Gaetan Haas              Garnet Hathaway          Tyler Pitlick            15     1   2  2  
 4 Gaetan Haas              Lias Andersson           Gabriel Bourque          10     1   2  2  

5 vs 5 Defense 
   Defense                  Defense                                           Time % Phy DF OF 
 1 Victor Hedman            Jared Spurgeon                                    39     1   2  2  
 2 Nick Foligno             Cale Makar                                        31     1   2  2  
 3 Dan Hamhuis              Roman Polak                                       20     1   3  1  
 4 Dan Hamhuis              Cale Makar                                        10     1   3  1  

PowerPlay Forward 
   Center                   Left Wing                Right Wing               Time % Phy DF OF 
 1 Sebastian Aho            Matthew Tkachuk          Patrick Kane             60     1   1  3  
 2 Patrice Bergeron         Nick Foligno             Valeri Nichushkin        40     1   1  3  

PowerPlay Defense
   Defense                  Defense                                           Time % Phy DF OF 
 1 Jared Spurgeon           Blake Wheeler                                     60     0   1  4  
 2 Cale Makar               Victor Hedman                                     40     0   1  4  

Penalty Kill 4 Players Forward 
   Center                   Wing                     Time % Phy DF OF 
 1 Nick Foligno             Lias Andersson           55     1   3  1  
 2 Gaetan Haas              Valeri Nichushkin        45     1   3  1  

Penalty Kill 4 Players Defense
   Defense                  Defense                  Time % Phy DF OF 
 1 Jared Spurgeon           Roman Polak              60     1   3  1  
 2 Dan Hamhuis              Victor Hedman            40     1   3  1  

Penalty Kill - 3 Players Forward 
   Forward                                           Time % Phy DF OF 
 1 Patrice Bergeron                                  60     0   5  0  
 2 Blake Wheeler                                     40     0   5  0  

Penalty Kill - 3 Players Defense
   Defense                  Defense                  Time % Phy DF OF 
 1 Jared Spurgeon           Victor Hedman            60     0   5  0  
 2 Nick Foligno             Roman Polak              40     0   5  0  

4 vs 4 Forward 
   Center                   Wing                     Time % Phy DF OF 
 1 Patrice Bergeron         Blake Wheeler            50     1   2  2  
 2 Sebastian Aho            Patrick Kane             50     1   2  2  

4 vs 4 Defense
   Defense                  Defense                  Time % Phy DF OF 
 1 Jared Spurgeon           Victor Hedman            60     1   2  2  
 2 Cale Makar               Nick Foligno             40     1   2  2  

Last Minutes Offensive
   Center                   Left Wing                Right Wing               Defense                  Defense                  
   Patrice Bergeron         Matthew Tkachuk          Patrick Kane             Blake Wheeler            Victor Hedman            

Last Minutes Defensive
   Center                   Left Wing                Right Wing               Defense                  Defense                  
   Patrice Bergeron         Nick Foligno             Blake Wheeler            Jared Spurgeon           Victor Hedman            

Goaltenders
Starting : Frederik Andersen        
Backup : Mike Smith               

Extra Forwards
Normal : Tyler Pitlick, Garnet Hathaway, Gabriel Bourque - PP : Patrick Kane, Matthew Tkachuk - PK : Tyler Pitlick
Extra Defensemen
Normal : Dan Hamhuis, Mario Ferraro, Cale Makar - PP : Cale Makar - PK : Mario Ferraro, Cale Makar
Penalty Shots
Blake Wheeler, Patrick Kane, Sebastian Aho, Cale Makar, Matthew Tkachuk
Custom OT Lines Forwards
Patrice Bergeron, Blake Wheeler, Sebastian Aho, Patrick Kane, Nick Foligno, Matthew Tkachuk, Valeri Nichushkin, Lias Andersson, Gaetan Haas, Garnet Hathaway
Custom OT Lines Defensemen
Victor Hedman, Jared Spurgeon, Cale Makar, Dan Hamhuis, Mario Ferraro

Scratches
Justin Abdelkader (Right Hand Injury)

% Time on Ice - UTAH ICE BEARS

Lines # - Real PCT - Wanted PCT - Time Play
Normal Forward
1 - 36% - 36% - 18:07
2 - 28% - 31% - 14:18
3 - 28% - 23% - 14:02
4 - 9% - 10% - 4:23
Normal Defense
1 - 35% - 36% - 18:00
2 - 32% - 31% - 16:21
3 - 28% - 23% - 14:29
4 - 4% - 10% - 2:00
PP Forward
1 - 48% - 55% - 1:06
2 - 52% - 45% - 1:12
PP Defense
1 - 29% - 55% - 0:40
2 - 71% - 45% - 1:38
PK Forward
1 - 67% - 55% - 3:29
2 - 33% - 45% - 1:43
PK Defense
1 - 51% - 55% - 2:39
2 - 49% - 45% - 2:33
PK3 Forward
1 - 0% - 55%
2 - 0% - 45%
PK3 Defense
1 - 0% - 55%
2 - 0% - 45%
44 Forward
1 - 81% - 55% - 1:21
2 - 19% - 45% - 0:19
44 Defense
1 - 81% - 55% - 1:21
2 - 19% - 45% - 0:19
Last Minute Offensive  - 0:00
Last Minute Defensive  - 0:00
Total
Forward - 60:00
Defense - 60:00

% Time on Ice - SPOKANE KNIGHTS

Lines # - Real PCT - Wanted PCT - Time Play
Normal Forward
1 - 38% - 38% - 19:27
2 - 37% - 37% - 18:55
3 - 14% - 15% - 7:20
4 - 10% - 10% - 5:08
Normal Defense
1 - 40% - 39% - 20:18
2 - 31% - 31% - 15:59
3 - 23% - 20% - 11:31
4 - 6% - 10% - 3:02
PP Forward
1 - 57% - 60% - 2:59
2 - 43% - 40% - 2:13
PP Defense
1 - 60% - 60% - 3:06
2 - 40% - 40% - 2:06
PK Forward
1 - 62% - 55% - 1:25
2 - 38% - 45% - 0:53
PK Defense
1 - 64% - 60% - 1:28
2 - 36% - 40% - 0:50
PK3 Forward
1 - 0% - 60%
2 - 0% - 40%
PK3 Defense
1 - 0% - 60%
2 - 0% - 40%
44 Forward
1 - 48% - 50% - 0:48
2 - 52% - 50% - 0:52
44 Defense
1 - 76% - 60% - 1:16
2 - 24% - 40% - 0:24
Last Minute Offensive  - 0:00
Last Minute Defensive  - 0:00
Total
Forward - 60:00
Defense - 60:00

Play-by-Play

1st period


0:01 of 1st period - Artem Anisimov wins face-off versus Matthew Tkachuk in neutral zone.
0:10 of 1st period - Shot by Nicholas Paul.
0:10 of 1st period - Stopped by Frederik Andersen without a rebound.
0:11 of 1st period - Alex Galchenyuk wins face-off versus Sebastian Aho in SPOKANE KNIGHTS zone.
0:14 of 1st period - Shot by Zachary Sanford.
0:14 of 1st period - Stopped by Frederik Andersen without a rebound.
0:15 of 1st period - Blake Lizotte wins face-off versus Gaetan Haas in SPOKANE KNIGHTS zone.
0:36 of 1st period - Shot by Gaetan Haas.
0:36 of 1st period - Shot Misses the Net.
0:59 of 1st period - Off-side.
1:00 of 1st period - Alex Galchenyuk wins face-off versus Sebastian Aho in neutral zone.
1:18 of 1st period - Icing by Radim Simek.
1:19 of 1st period - Patrice Bergeron wins face-off versus Alex Galchenyuk in UTAH ICE BEARS zone.
1:34 of 1st period - Shot by Patrice Bergeron.
1:34 of 1st period - Stopped by Thatcher Demko without a rebound.
1:35 of 1st period - Artem Anisimov wins face-off versus Sebastian Aho in UTAH ICE BEARS zone.
2:47 of 1st period - Shot by Patrice Bergeron.
2:47 of 1st period - Shot Blocked by Radim Simek.
2:59 of 1st period - Minor Penalty to Radim Simek for Slashing.
3:00 of 1st period - Matthew Tkachuk wins face-off versus Zachary Sanford in UTAH ICE BEARS zone.
3:25 of 1st period - Jared Spurgeon is hit by Kyle Okposo.
3:45 of 1st period - Shot by Nick Foligno.
3:45 of 1st period - Shot Blocked by Conor Timmins.
3:47 of 1st period - Shot by Victor Hedman.
3:47 of 1st period - Shot Misses the Net.
5:11 of 1st period - Tyler Pitlick is hit by Ross Colton and loses puck.
5:30 of 1st period - Icing by Radim Simek.
5:31 of 1st period - Andrew Mangiapane wins face-off versus Lias Andersson in UTAH ICE BEARS zone.
5:31 of 1st period - Andrew Mangiapane is hit by Gabriel Bourque.
5:42 of 1st period - Shot by Andrew Mangiapane.
5:42 of 1st period - Deflect By Nathan Walker.
5:42 of 1st period - Shot Blocked by Nick Foligno.
6:26 of 1st period - Shot by T.J. Brodie.
6:26 of 1st period - Stopped by Frederik Andersen with a rebound.
6:36 of 1st period - Off-side.
6:37 of 1st period - Kyle Okposo wins face-off versus Sebastian Aho in neutral zone.
6:42 of 1st period - Shot by Artem Anisimov.
6:42 of 1st period - Goal by Artem Anisimov - UTAH ICE BEARS : 1 - SPOKANE KNIGHTS : 0.
6:43 of 1st period - Alex Galchenyuk wins face-off versus Sebastian Aho in neutral zone.
7:38 of 1st period - Shot by Blake Wheeler.
7:38 of 1st period - Shot Misses the Net.
7:40 of 1st period - Shot by Patrice Bergeron.
7:40 of 1st period - Stopped by Thatcher Demko without a rebound.
7:41 of 1st period - Patrice Bergeron wins face-off versus Artem Anisimov in UTAH ICE BEARS zone.
8:00 of 1st period - Shot by Artem Anisimov.
8:00 of 1st period - Shot Misses the Net.
8:23 of 1st period - Shot by Artem Anisimov.
8:23 of 1st period - Shot Misses the Net.
8:39 of 1st period - Nicholas Paul is hit by Gabriel Bourque.
8:48 of 1st period - Icing by Nick Foligno.
8:49 of 1st period - Blake Lizotte wins face-off versus Gaetan Haas in SPOKANE KNIGHTS zone.
8:52 of 1st period - Shot by Blake Lizotte.
8:52 of 1st period - Stopped by Frederik Andersen with a rebound.
9:10 of 1st period - Shot by Nick Foligno.
9:10 of 1st period - Stopped by Thatcher Demko without a rebound.
9:11 of 1st period - Sebastian Aho wins face-off versus Alex Galchenyuk in UTAH ICE BEARS zone.
9:12 of 1st period - Shot by Patrick Kane.
9:12 of 1st period - Stopped by Thatcher Demko with a rebound.
10:34 of 1st period - Blake Wheeler is hit by Troy Stecher and loses puck.
10:39 of 1st period - Shot by Blake Wheeler.
10:39 of 1st period - Deflect By Patrice Bergeron.
10:39 of 1st period - Stopped by Thatcher Demko without a rebound.
10:40 of 1st period - Artem Anisimov wins face-off versus Tyler Pitlick in UTAH ICE BEARS zone.
10:40 of 1st period - Artem Anisimov is hit by Garnet Hathaway.
10:55 of 1st period - Artem Anisimov is hit by Nick Foligno and loses puck.
11:00 of 1st period - Shot by Artem Anisimov.
11:00 of 1st period - Shot Blocked by Nick Foligno.
11:02 of 1st period - Shot by Alexander Edler.
11:02 of 1st period - Shot Blocked by Cale Makar.
11:04 of 1st period - Shot by Artem Anisimov.
11:04 of 1st period - Stopped by Frederik Andersen without a rebound.
11:05 of 1st period - Blake Lizotte wins face-off versus Sebastian Aho in SPOKANE KNIGHTS zone.
11:21 of 1st period - Minor Penalty to Conor Timmins for Holding.
11:22 of 1st period - Sebastian Aho wins face-off versus Kyle Okposo in UTAH ICE BEARS zone.
12:23 of 1st period - Shot by Patrice Bergeron.
12:23 of 1st period - Stopped by Thatcher Demko with a rebound.
12:25 of 1st period - Shot by Patrice Bergeron.
12:25 of 1st period - Goal by Patrice Bergeron - UTAH ICE BEARS : 1 - SPOKANE KNIGHTS : 1.
12:26 of 1st period - Gaetan Haas wins face-off versus Blake Lizotte in neutral zone.
12:37 of 1st period - Icing by Blake Lizotte.
12:38 of 1st period - Gaetan Haas wins face-off versus Blake Lizotte in UTAH ICE BEARS zone.
12:46 of 1st period - Icing by Radim Simek.
12:47 of 1st period - Patrice Bergeron wins face-off versus Robert Lantosi in UTAH ICE BEARS zone.
12:56 of 1st period - Valentin Zykov is hit by Patrice Bergeron and loses puck.
13:39 of 1st period - Icing by Radim Simek.
13:40 of 1st period - Blake Lizotte wins face-off versus Sebastian Aho in UTAH ICE BEARS zone.
15:22 of 1st period - Shot by Matthew Tkachuk.
15:22 of 1st period - Stopped by Thatcher Demko without a rebound.
15:23 of 1st period - Patrice Bergeron wins face-off versus Alex Galchenyuk in UTAH ICE BEARS zone.
15:47 of 1st period - Minor Penalty to Roman Polak for Hooking.
15:48 of 1st period - Alex Galchenyuk wins face-off versus Nick Foligno in SPOKANE KNIGHTS zone.
16:22 of 1st period - Off-side.
16:23 of 1st period - Blake Lizotte wins face-off versus Nick Foligno in neutral zone.
16:42 of 1st period - Shot by Andrew Mangiapane.
16:42 of 1st period - Stopped by Frederik Andersen with a rebound.
16:44 of 1st period - Shot by Alexander Edler.
16:44 of 1st period - Stopped by Frederik Andersen with a rebound.
17:18 of 1st period - Shot by Alex Galchenyuk.
17:18 of 1st period - Shot Misses the Net.
17:20 of 1st period - Shot by Troy Stecher.
17:20 of 1st period - Stopped by Frederik Andersen without a rebound.
17:21 of 1st period - Blake Lizotte wins face-off versus Gaetan Haas in SPOKANE KNIGHTS zone.
17:22 of 1st period - Shot by Kyle Okposo.
17:22 of 1st period - Stopped by Frederik Andersen with a rebound.
17:51 of 1st period - Shot by Patrice Bergeron.
17:51 of 1st period - Stopped by Thatcher Demko without a rebound.
17:52 of 1st period - Nathan Walker wins face-off versus Patrice Bergeron in UTAH ICE BEARS zone.
17:54 of 1st period - Icing by Andrew Mangiapane.
17:55 of 1st period - Ross Colton wins face-off versus Matthew Tkachuk in UTAH ICE BEARS zone.
17:55 of 1st period - Andrew Mangiapane is hit by Matthew Tkachuk and loses puck.
18:16 of 1st period - Patrice Bergeron is hit by Kale Clague.
18:18 of 1st period - Shot by Blake Wheeler.
18:18 of 1st period - Shot Misses the Net.
18:20 of 1st period - Shot by Blake Wheeler.
18:20 of 1st period - Shot Misses the Net.
18:22 of 1st period - Shot by Patrice Bergeron.
18:22 of 1st period - Shot Misses the Net.
18:24 of 1st period - Shot by Patrice Bergeron.
18:24 of 1st period - Shot Blocked by Troy Stecher.
18:32 of 1st period - Shot by Patrice Bergeron.
18:32 of 1st period - Goal by Patrice Bergeron - UTAH ICE BEARS : 1 - SPOKANE KNIGHTS : 2.
18:33 of 1st period - Sebastian Aho wins face-off versus Artem Anisimov in neutral zone.
18:57 of 1st period - Shot by Patrick Kane.
18:57 of 1st period - Shot Blocked by Alexander Edler.
18:59 of 1st period - Shot by Victor Hedman.
18:59 of 1st period - Shot Misses the Net.
19:03 of 1st period - Shot by Sebastian Aho.
19:03 of 1st period - Shot Misses the Net.
19:05 of 1st period - Shot by Victor Hedman.
19:05 of 1st period - Shot Misses the Net.
19:07 of 1st period - Shot by Sebastian Aho.
19:07 of 1st period - Shot Misses the Net.
19:09 of 1st period - Shot by Sebastian Aho.
19:09 of 1st period - Shot Misses the Net.
19:11 of 1st period - Shot by Jared Spurgeon.
19:11 of 1st period - Shot Misses the Net.
19:19 of 1st period - Shot by Sebastian Aho.
19:19 of 1st period - Shot Misses the Net.
19:33 of 1st period - Shot by Blake Wheeler.
19:33 of 1st period - Stopped by Thatcher Demko without a rebound.
19:34 of 1st period - Alex Galchenyuk wins face-off versus Patrice Bergeron in UTAH ICE BEARS zone.
19:48 of 1st period - Shot by Patrice Bergeron.
19:48 of 1st period - Shot Misses the Net.
Goals for this period are 1 for UTAH ICE BEARS vs 2 for SPOKANE KNIGHTS.
Shots for this period are 10 for UTAH ICE BEARS vs 11 for SPOKANE KNIGHTS.

2nd period


0:01 of 2nd period - Sebastian Aho wins face-off versus Alex Galchenyuk in neutral zone.
0:50 of 2nd period - Victor Hedman is hit by Nicholas Paul and loses puck.
1:01 of 2nd period - Shot by Nicholas Paul.
1:01 of 2nd period - Shot Blocked by Jared Spurgeon.
1:03 of 2nd period - Shot by Nicholas Paul.
1:03 of 2nd period - Stopped by Frederik Andersen with a rebound.
1:11 of 2nd period - Shot by Nicholas Paul.
1:11 of 2nd period - Shot Misses the Net.
1:21 of 2nd period - Shot by Artem Anisimov.
1:21 of 2nd period - Stopped by Frederik Andersen without a rebound.
1:22 of 2nd period - Patrice Bergeron wins face-off versus Blake Lizotte in SPOKANE KNIGHTS zone.
1:28 of 2nd period - Cale Makar is hit by Kale Clague and loses puck.
1:34 of 2nd period - Patrice Bergeron is hit by Kale Clague.
1:59 of 2nd period - Blake Wheeler is hit by Troy Stecher and loses puck.
2:24 of 2nd period - Shot by Gaetan Haas.
2:24 of 2nd period - Shot Misses the Net.
2:26 of 2nd period - Shot by Gaetan Haas.
2:26 of 2nd period - Shot Misses the Net.
2:28 of 2nd period - Shot by Gaetan Haas.
2:28 of 2nd period - Stopped by Thatcher Demko without a rebound.
2:29 of 2nd period - Gaetan Haas wins face-off versus Artem Anisimov in UTAH ICE BEARS zone.
2:41 of 2nd period - Shot by Garnet Hathaway.
2:41 of 2nd period - Stopped by Thatcher Demko with a rebound.
3:04 of 2nd period - Icing by Roman Polak.
3:05 of 2nd period - Gaetan Haas wins face-off versus Alex Galchenyuk in SPOKANE KNIGHTS zone.
3:14 of 2nd period - Icing by Radim Simek.
3:15 of 2nd period - Sebastian Aho wins face-off versus Alex Galchenyuk in UTAH ICE BEARS zone.
3:20 of 2nd period - Shot by Patrick Kane.
3:20 of 2nd period - Stopped by Thatcher Demko without a rebound.
3:21 of 2nd period - Alex Galchenyuk wins face-off versus Sebastian Aho in UTAH ICE BEARS zone.
3:33 of 2nd period - Icing by Nick Foligno.
3:34 of 2nd period - Artem Anisimov wins face-off versus Patrick Kane in SPOKANE KNIGHTS zone.
4:04 of 2nd period - Icing by Nicholas Paul.
4:05 of 2nd period - Artem Anisimov wins face-off versus Patrice Bergeron in UTAH ICE BEARS zone.
4:05 of 2nd period - Artem Anisimov is hit by Matthew Tkachuk.
4:37 of 2nd period - Shot by Blake Wheeler.
4:37 of 2nd period - Shot Misses the Net.
4:56 of 2nd period - Icing by Matthew Tkachuk.
4:57 of 2nd period - Patrice Bergeron wins face-off versus Blake Lizotte in SPOKANE KNIGHTS zone.
5:54 of 2nd period - Shot by Patrick Kane.
5:54 of 2nd period - Deflect By Sebastian Aho.
5:54 of 2nd period - Shot Blocked by Troy Stecher.
5:56 of 2nd period - Shot by Patrick Kane.
5:56 of 2nd period - Shot Misses the Net.
6:02 of 2nd period - Shot by Patrick Kane.
6:02 of 2nd period - Shot Blocked by Kale Clague.
7:02 of 2nd period - Shot by Blake Wheeler.
7:02 of 2nd period - Shot Blocked by Radim Simek.
7:04 of 2nd period - Shot by Patrice Bergeron.
7:04 of 2nd period - Stopped by Thatcher Demko without a rebound.
7:05 of 2nd period - Blake Lizotte wins face-off versus Garnet Hathaway in UTAH ICE BEARS zone.
7:42 of 2nd period - T.J. Brodie is hit by Garnet Hathaway and loses puck.
8:13 of 2nd period - Shot by Blake Wheeler.
8:13 of 2nd period - Stopped by Thatcher Demko with a rebound.
8:16 of 2nd period - Icing by Zachary Sanford.
8:17 of 2nd period - Sebastian Aho wins face-off versus Alex Galchenyuk in UTAH ICE BEARS zone.
9:46 of 2nd period - Shot by Matthew Tkachuk.
9:46 of 2nd period - Goal by Matthew Tkachuk - UTAH ICE BEARS : 1 - SPOKANE KNIGHTS : 3.
9:47 of 2nd period - Artem Anisimov wins face-off versus Gaetan Haas in neutral zone.
9:52 of 2nd period - Shot by Nicholas Paul.
9:52 of 2nd period - Stopped by Frederik Andersen without a rebound.
9:53 of 2nd period - Artem Anisimov wins face-off versus Gaetan Haas in SPOKANE KNIGHTS zone.
10:30 of 2nd period - Shot by T.J. Brodie.
10:30 of 2nd period - Stopped by Frederik Andersen without a rebound.
10:31 of 2nd period - Sebastian Aho wins face-off versus Blake Lizotte in SPOKANE KNIGHTS zone.
10:44 of 2nd period - Radim Simek is hit by Valeri Nichushkin and loses puck.
10:53 of 2nd period - Shot by Sebastian Aho.
10:53 of 2nd period - Shot Misses the Net.
10:55 of 2nd period - Shot by Victor Hedman.
10:55 of 2nd period - Shot Blocked by Valentin Zykov.
10:57 of 2nd period - Shot by Sebastian Aho.
10:57 of 2nd period - Shot Misses the Net.
11:26 of 2nd period - Icing by Blake Lizotte.
11:27 of 2nd period - Patrice Bergeron wins face-off versus Robert Lantosi in UTAH ICE BEARS zone.
11:36 of 2nd period - Shot by Blake Wheeler.
11:36 of 2nd period - Shot Blocked by Radim Simek.
11:41 of 2nd period - Off-side.
11:42 of 2nd period - Gaetan Haas wins face-off versus Kyle Okposo in neutral zone.
12:12 of 2nd period - Shot by Kyle Okposo.
12:12 of 2nd period - Goal by Kyle Okposo - UTAH ICE BEARS : 2 - SPOKANE KNIGHTS : 3.
12:13 of 2nd period - Patrice Bergeron wins face-off versus Alex Galchenyuk in neutral zone.
12:21 of 2nd period - Shot by Blake Wheeler.
12:21 of 2nd period - Shot Misses the Net.
13:03 of 2nd period - Shot by Patrice Bergeron.
13:03 of 2nd period - Stopped by Thatcher Demko with a rebound.
13:19 of 2nd period - Icing by Valeri Nichushkin.
13:20 of 2nd period - Artem Anisimov wins face-off versus Sebastian Aho in SPOKANE KNIGHTS zone.
13:27 of 2nd period - Shot by Artem Anisimov.
13:27 of 2nd period - Stopped by Frederik Andersen without a rebound.
13:28 of 2nd period - Gaetan Haas wins face-off versus Artem Anisimov in SPOKANE KNIGHTS zone.
13:28 of 2nd period - Gaetan Haas is hit by Kyle Okposo.
13:44 of 2nd period - Shot by Nicholas Paul.
13:44 of 2nd period - Shot Misses the Net.
13:46 of 2nd period - Shot by Alexander Edler.
13:46 of 2nd period - Stopped by Frederik Andersen without a rebound.
13:47 of 2nd period - Blake Lizotte wins face-off versus Sebastian Aho in SPOKANE KNIGHTS zone.
13:47 of 2nd period - Blake Lizotte is hit by Roman Polak.
14:21 of 2nd period - Shot by Sebastian Aho.
14:21 of 2nd period - Shot Blocked by Radim Simek.
15:03 of 2nd period - Icing by Victor Hedman.
15:04 of 2nd period - Patrice Bergeron wins face-off versus Artem Anisimov in SPOKANE KNIGHTS zone.
15:20 of 2nd period - Shot by Artem Anisimov.
15:20 of 2nd period - Shot Misses the Net.
15:43 of 2nd period - Icing by Alexander Edler.
15:44 of 2nd period - Sebastian Aho wins face-off versus Nicholas Paul in UTAH ICE BEARS zone.
16:05 of 2nd period - Shot by Valeri Nichushkin.
16:05 of 2nd period - Goal by Valeri Nichushkin - UTAH ICE BEARS : 2 - SPOKANE KNIGHTS : 4.
16:05 of 2nd period - Devan Dubnyk enters game.
16:06 of 2nd period - Alex Galchenyuk wins face-off versus Lias Andersson in neutral zone.
16:10 of 2nd period - Zachary Sanford is hit by Dan Hamhuis and loses puck.
17:10 of 2nd period - Shot by Sebastian Aho.
17:10 of 2nd period - Stopped by Devan Dubnyk without a rebound.
17:11 of 2nd period - Patrice Bergeron wins face-off versus Blake Lizotte in UTAH ICE BEARS zone.
17:40 of 2nd period - Blake Wheeler is hit by Conor Timmins and loses puck.
17:43 of 2nd period - Shot by Blake Wheeler.
17:43 of 2nd period - Shot Blocked by Radim Simek.
17:56 of 2nd period - Minor Penalty to Conor Timmins for Roughing.
17:57 of 2nd period - Sebastian Aho wins face-off versus Zachary Sanford in UTAH ICE BEARS zone.
18:13 of 2nd period - Icing by Sebastian Aho.
18:14 of 2nd period - Sebastian Aho wins face-off versus Zachary Sanford in SPOKANE KNIGHTS zone.
18:21 of 2nd period - Shot by Patrick Kane.
18:21 of 2nd period - Shot Blocked by Alexander Edler.
Goals for this period are 1 for UTAH ICE BEARS vs 2 for SPOKANE KNIGHTS.
Shots for this period are 7 for UTAH ICE BEARS vs 9 for SPOKANE KNIGHTS.

3rd period


0:01 of 3rd period - Artem Anisimov wins face-off versus Sebastian Aho in neutral zone.
0:18 of 3rd period - Shot by Nicholas Paul.
0:18 of 3rd period - Deflect By Kyle Okposo.
0:18 of 3rd period - Shot Misses the Net.
0:24 of 3rd period - Shot by Artem Anisimov.
0:24 of 3rd period - Stopped by Frederik Andersen without a rebound.
0:25 of 3rd period - Patrice Bergeron wins face-off versus Alex Galchenyuk in SPOKANE KNIGHTS zone.
0:56 of 3rd period - Shot by Patrice Bergeron.
0:56 of 3rd period - Stopped by Devan Dubnyk without a rebound.
0:57 of 3rd period - Artem Anisimov wins face-off versus Sebastian Aho in UTAH ICE BEARS zone.
1:17 of 3rd period - Shot by Patrick Kane.
1:17 of 3rd period - Stopped by Devan Dubnyk without a rebound.
1:18 of 3rd period - Blake Lizotte wins face-off versus Patrice Bergeron in UTAH ICE BEARS zone.
1:18 of 3rd period - Valentin Zykov is hit by Blake Wheeler and loses puck.
1:28 of 3rd period - Blake Lizotte is hit by Victor Hedman and loses puck.
2:05 of 3rd period - Shot by Patrice Bergeron.
2:05 of 3rd period - Deflect By Blake Wheeler.
2:05 of 3rd period - Shot Misses the Net.
2:10 of 3rd period - Troy Stecher is hit by Matthew Tkachuk and loses puck.
3:54 of 3rd period - Shot by Tyler Pitlick.
3:54 of 3rd period - Shot Blocked by Radim Simek.
4:20 of 3rd period - Shot by Matthew Tkachuk.
4:20 of 3rd period - Stopped by Devan Dubnyk without a rebound.
4:21 of 3rd period - Blake Lizotte wins face-off versus Sebastian Aho in UTAH ICE BEARS zone.
5:29 of 3rd period - Icing by Artem Anisimov.
5:30 of 3rd period - Patrice Bergeron wins face-off versus Artem Anisimov in UTAH ICE BEARS zone.
5:36 of 3rd period - Patrice Bergeron is hit by Troy Stecher and loses puck.
6:07 of 3rd period - Shot by Patrice Bergeron.
6:07 of 3rd period - Stopped by Devan Dubnyk without a rebound.
6:08 of 3rd period - Ross Colton wins face-off versus Gaetan Haas in UTAH ICE BEARS zone.
6:35 of 3rd period - Shot by Tyler Pitlick.
6:35 of 3rd period - Shot Misses the Net.
8:05 of 3rd period - Nick Foligno is hit by Nicholas Paul and loses puck.
8:25 of 3rd period - Icing by Cale Makar.
8:26 of 3rd period - Sebastian Aho wins face-off versus Ross Colton in SPOKANE KNIGHTS zone.
9:00 of 3rd period - Andrew Mangiapane is hit by Roman Polak and loses puck.
9:14 of 3rd period - Shot by Gaetan Haas.
9:14 of 3rd period - Stopped by Devan Dubnyk without a rebound.
9:15 of 3rd period - Kyle Okposo wins face-off versus Patrice Bergeron in UTAH ICE BEARS zone.
9:37 of 3rd period - Shot by Patrice Bergeron.
9:37 of 3rd period - Stopped by Devan Dubnyk without a rebound.
9:38 of 3rd period - Blake Lizotte wins face-off versus Gaetan Haas in UTAH ICE BEARS zone.
9:38 of 3rd period - Blake Lizotte is hit by Garnet Hathaway.
9:51 of 3rd period - Shot by Tyler Pitlick.
9:51 of 3rd period - Stopped by Devan Dubnyk without a rebound.
9:52 of 3rd period - Blake Wheeler wins face-off versus Artem Anisimov in UTAH ICE BEARS zone.
9:55 of 3rd period - Shot by Blake Wheeler.
9:55 of 3rd period - Shot Misses the Net.
9:58 of 3rd period - Icing by Artem Anisimov.
9:59 of 3rd period - Sebastian Aho wins face-off versus Nicholas Paul in UTAH ICE BEARS zone.
10:00 of 3rd period - Shot by Patrick Kane.
10:00 of 3rd period - Shot Misses the Net.
10:44 of 3rd period - Icing by Cale Makar.
10:45 of 3rd period - Sebastian Aho wins face-off versus Alex Galchenyuk in SPOKANE KNIGHTS zone.
10:57 of 3rd period - Icing by T.J. Brodie.
10:58 of 3rd period - Patrice Bergeron wins face-off versus Alex Galchenyuk in UTAH ICE BEARS zone.
11:07 of 3rd period - Shot by Blake Wheeler.
11:07 of 3rd period - Shot Misses the Net.
11:09 of 3rd period - Shot by Blake Wheeler.
11:09 of 3rd period - Shot Hit the Post.
11:15 of 3rd period - Shot by Patrice Bergeron.
11:15 of 3rd period - Goal by Patrice Bergeron - UTAH ICE BEARS : 2 - SPOKANE KNIGHTS : 5.
11:16 of 3rd period - Blake Lizotte wins face-off versus Gabriel Bourque in neutral zone.
11:47 of 3rd period - Icing by Troy Stecher.
11:48 of 3rd period - Patrice Bergeron wins face-off versus Blake Lizotte in UTAH ICE BEARS zone.
12:01 of 3rd period - Shot by Blake Wheeler.
12:01 of 3rd period - Stopped by Devan Dubnyk with a rebound.
12:03 of 3rd period - Shot by Blake Wheeler.
12:03 of 3rd period - Goal by Blake Wheeler - UTAH ICE BEARS : 2 - SPOKANE KNIGHTS : 6.
12:04 of 3rd period - Kyle Okposo wins face-off versus Sebastian Aho in neutral zone.
12:32 of 3rd period - Shot by Sebastian Aho.
12:32 of 3rd period - Deflect By Patrick Kane.
12:32 of 3rd period - Stopped by Devan Dubnyk without a rebound.
12:33 of 3rd period - Patrice Bergeron wins face-off versus Alex Galchenyuk in UTAH ICE BEARS zone.
12:33 of 3rd period - Blake Wheeler is hit by Conor Timmins and loses puck.
12:37 of 3rd period - Minor Penalty to Blake Wheeler for Roughing.
12:38 of 3rd period - Lias Andersson wins face-off versus Alex Galchenyuk in SPOKANE KNIGHTS zone.
12:56 of 3rd period - Minor Penalty to Zachary Sanford for Roughing.
12:57 of 3rd period - Patrice Bergeron wins face-off versus Blake Lizotte in UTAH ICE BEARS zone.
13:25 of 3rd period - Icing by Nicholas Paul.
13:26 of 3rd period - Blake Lizotte wins face-off versus Sebastian Aho in UTAH ICE BEARS zone.
13:30 of 3rd period - Icing by Alexander Edler.
13:31 of 3rd period - Blake Lizotte wins face-off versus Sebastian Aho in UTAH ICE BEARS zone.
13:40 of 3rd period - Victor Hedman is hit by Nicholas Paul and loses puck.
13:49 of 3rd period - Jared Spurgeon is hit by Nicholas Paul and loses puck.
14:15 of 3rd period - Shot by Sebastian Aho.
14:15 of 3rd period - Shot Misses the Net.
14:17 of 3rd period - Shot by Sebastian Aho.
14:17 of 3rd period - Stopped by Devan Dubnyk without a rebound.
14:18 of 3rd period - Kyle Okposo wins face-off versus Patrice Bergeron in UTAH ICE BEARS zone.
14:28 of 3rd period - Shot by Cale Makar.
14:28 of 3rd period - Shot Misses the Net.
14:42 of 3rd period - Shot by Nick Foligno.
14:42 of 3rd period - Shot Misses the Net.
14:44 of 3rd period - Shot by Patrice Bergeron.
14:44 of 3rd period - Stopped by Devan Dubnyk with a rebound.
14:46 of 3rd period - Shot by Patrice Bergeron.
14:46 of 3rd period - Goal by Patrice Bergeron - UTAH ICE BEARS : 2 - SPOKANE KNIGHTS : 7.
14:47 of 3rd period - Alex Galchenyuk wins face-off versus Gaetan Haas in neutral zone.
15:02 of 3rd period - Zachary Sanford is hit by Roman Polak and loses puck.
15:30 of 3rd period - Off-side.
15:31 of 3rd period - Artem Anisimov wins face-off versus Sebastian Aho in neutral zone.
16:52 of 3rd period - Nicholas Paul is hit by Blake Wheeler and loses puck.
16:57 of 3rd period - Shot by Blake Wheeler.
16:57 of 3rd period - Shot Blocked by T.J. Brodie.
16:59 of 3rd period - Shot by Blake Wheeler.
16:59 of 3rd period - Shot Blocked by T.J. Brodie.
17:09 of 3rd period - Shot by Patrice Bergeron.
17:09 of 3rd period - Stopped by Devan Dubnyk with a rebound.
17:40 of 3rd period - Shot by Gaetan Haas.
17:40 of 3rd period - Shot Misses the Net.
18:22 of 3rd period - Shot by Patrick Kane.
18:22 of 3rd period - Stopped by Devan Dubnyk without a rebound.
18:23 of 3rd period - Patrice Bergeron wins face-off versus Alex Galchenyuk in UTAH ICE BEARS zone.
18:53 of 3rd period - Icing by Cale Makar.
18:54 of 3rd period - Patrice Bergeron wins face-off versus Robert Lantosi in SPOKANE KNIGHTS zone.
19:39 of 3rd period - Icing by Victor Hedman.
19:40 of 3rd period - Alex Galchenyuk wins face-off versus Sebastian Aho in SPOKANE KNIGHTS zone.
19:43 of 3rd period - Shot by Andrew Mangiapane.
19:43 of 3rd period - Shot Misses the Net.
Goals for this period are 0 for UTAH ICE BEARS vs 3 for SPOKANE KNIGHTS.
Shots for this period are 1 for UTAH ICE BEARS vs 16 for SPOKANE KNIGHTS.


NATHAN
MACKINNON
PHILLIP
DANAULT
CONNOR
MCDAVID

EAST COAST

HOCKEY LEAGUE

  • 25.QUE4CHI5
  • 26.CHA2LIM3
  • 27.TRV2LON3
  • 28.CHW4BAL2
  • 29.PITMAN
  • 30.ATLNHW
  • 31.WORPET
  • 32.RHI